 Dungeon Crawl Stone Soup version 0.31-a0-920-g28cbb04a8c (webtiles) character file.

Game seed: 4700811271594784046

35 mightbedylan the Vexing (level 3, -1/20 HPs)
             Began as a Kobold Hexslinger on Oct 17, 2023.
             Slain by an adder (3 damage)
             ... on level 2 of the Dungeon.
             The game lasted 00:10:20 (1044 turns).

mightbedylan the Vexing (Kobold Hexslinger)         Turns: 1044, Time: 00:10:21

Health: -1/20      AC:  2    Str:  5    XL:     3   Next: 52%
Magic:  5/5        EV: 15    Int: 14    God:
Gold:   107        SH:  0    Dex: 19    Spells: 5/5 levels left

rFire   . . .        a - +1 sling
rCold   . . .        (no shield)
rNeg    . . .        c - +0 robe
rPois   .            (no helmet)
rElec   .            (no cloak)
rCorr   .            (no gloves)
SInv    .            (no boots)
Will    .....        (no amulet)
Stlth   +++          (no ring)
HPRegen 0.23/turn    (no ring)
MPRegen 0.09/turn

%: no passive effects
@: lethally poisoned (-1 -> -6)
A: small, no large weapons, nightstalker 3
a: no special abilities


You were on level 2 of the Dungeon.
You visited 1 branch of the dungeon, and saw 2 of its levels.

You collected 107 gold pieces.

Inventory:

Hand Weapons
 a - a +1 sling (weapon)
Missiles
 i - 4 poisoned darts
Armour
 c - a +0 robe (worn)
Scrolls
 b - a scroll of poison
 f - a scroll of blinking {unknown}
 h - a scroll of teleportation {unknown}
Potions
 d - a potion of heal wounds {unknown}
 e - 2 potions of curing {unknown}
 g - a potion of might {unknown}


   Skills:
 + Level 1.6 Fighting
 + Level 3.2 Ranged Weapons
 + Level 2.8 Dodging
 + Level 1.6 Spellcasting
 + Level 3.2 Hexes
 - Level 1.4 Fire Magic


You had 5 spell levels left.
You didn't know any spells.
Your spell library contained the following spells:

 Spells                   Type           Power      Damage    Failure   Level
 Jinxbite                 Hex            20%        N/A       10%         2
 Sigil of Binding         Hex            10%        N/A       21%         3
 Inner Flame              Hex/Fire       7%         N/A       28%         3
 Cause Fear               Hex            5%         N/A       54%         4
 Dimensional Bullseye     Hex/Tloc       2%         N/A       77%         4


Dungeon Overview and Level Annotations

Branches:
Dungeon (2/15)

Altars:


Innate Abilities, Weirdness & Mutations

You are small and have problems with some larger weapons.
You are completely attuned to the shadows.


Message History

Fire: a) +1 sling
Press: ? - help, Q - select action, (/) - cycle Shift-Dir - straight line, f/p - adder
Aim: an adder (lightly wounded, 42% to hit)
You shoot a sling bullet.
The sling bullet barely misses the adder.
The adder barely misses you. x2
Fire: a) +1 sling
Press: ? - help, Q - select action, (/) - cycle Shift-Dir - straight line, f/p - adder
Aim: an adder (lightly wounded, 42% to hit)
You shoot a sling bullet.
The sling bullet completely misses the adder.
The adder closely misses you. The adder bites you.
Fire: a) +1 sling
Press: ? - help, Q - select action, (/) - cycle Shift-Dir - straight line, f/p - adder
Aim: an adder (lightly wounded, 42% to hit)
You shoot a sling bullet. The sling bullet misses the adder.
The adder misses you.
Fire: a) +1 sling
Press: ? - help, Q - select action, (/) - cycle Shift-Dir - straight line, f/p - adder
Aim: an adder (lightly wounded, 42% to hit)
You shoot a sling bullet.
The sling bullet closely misses the adder.
The adder barely misses you. x2
Fire: a) +1 sling
Press: ? - help, Q - select action, (/) - cycle Shift-Dir - straight line, f/p - adder
Aim: an adder (lightly wounded, 42% to hit)
You shoot a sling bullet. The sling bullet hits the adder.
The adder is moderately wounded.
The adder bites you.
* * * LOW HITPOINT WARNING * * *
You are lethally poisoned!
The adder poisons you! The adder bites you.
* * * LOW HITPOINT WARNING * * *
Fire: a) +1 sling
Press: ? - help, Q - select action, (/) - cycle Shift-Dir - straight line, f/p - adder
Aim: an adder (moderately wounded, 42% to hit)
You shoot a sling bullet. The sling bullet misses the adder.
* * * LOW HITPOINT WARNING * * *
You feel sick. The adder bites you.
You die...

######
#<....
.##.####
#....@#
#..##.S..#
?.# ####..
## .


You could see an adder.

Vanquished Creatures
  5 ball pythons (D:1)
  4 endoplasms (D:1)
  4 goblins (D:1)
  5 hobgoblins (D:1)
  A jackal (D:1)
  A quokka (D:1)
  2 bats (D:1)
  A frilled lizard (D:1)
  4 kobolds (D:1)
  3 rats (D:1)
30 creatures vanquished.

Notes
Turn   | Place    | Note
-------+----------+-------------------------------------------
     0 | D:1      | mightbedylan the Kobold Hexslinger began the quest for the
                  | Orb.
     0 | D:1      | Reached XP level 1. HP: 12/12 MP: 2/2
   214 | D:1      | Reached XP level 2. HP: 15/16 MP: 3/3
   354 | D:1      | Reached XP level 3. HP: 20/20 MP: 5/5
  1044 | D:2      | Slain by an adder

Illustrated notes

Levels and vault maps discovered:
D:1:      dpeg_arrival_arbitrary_b, layout_loops_ring, serial_rivers,
          chequers_serial_rivers_room_b, chequers_serial_rivers_micro_b,
          chequers_serial_rivers_room_a, chequers_serial_rivers_large_a,
          chequers_serial_rivers_large_b, chequers_serial_rivers_micro_e,
          st_stairs_9, minmay_tetromino_l2
D:2:      layout_rooms, minmay_distorted, uniq_sigmund

Skill      XL: |  1  2 |
---------------+-------+-----
Ranged Weapons | 3 |  3.2
Fighting       | |  1.6
Dodging        | |  2.8
Spellcasting   | |  1.6
Hexes          | |  3.2
Fire Magic     | |  1.4

Action                     || total
---------------------------++-------
   Fire: Sling             ||    68
  Throw: Stone             ||     3
 Armour: Robe              ||     9
  Dodge: Dodged            ||    30

Table legend: (Time is in decaauts)
 A = Elapsed time spent in this place.
 B = Non-inter-level travel time spent in this place.
 C = Inter-level travel time spent in this place.
 D = Time resting spent in this place.
 E = Time spent auto-exploring this place.
 F = Levels seen in this place.
 G = Mean time per level.
                   A        B        C        D        E       F      G
               +--------+--------+--------+--------+--------+-----+--------+
         Total |   1132 |   1126 |      6 |      0 |    976 |   2 |  566.0 |
       Dungeon |   1132 |   1126 |      6 |      0 |    976 |   2 |  566.0 |
               +--------+--------+--------+--------+--------+-----+--------+

Top non-repeatable levels by time:
     D:1: 1114 daAuts
     D:2: 17 daAuts
